 Dungeon Crawl Stone Soup version 0.22-a0-799-g88f5e90 (webtiles) character file.

6691 Hebeh the Thaumaturge (level 10, 0/50 HPs)
             Began as a Deep Elf Conjurer on July 21, 2018.
             Was a Follower of Vehumet.
             Killed by Ozocubu's Refrigeration
             ... invoked by Fannar
              (17 damage)
             ... on level 10 of the Dungeon.
             The game lasted 01:01:40 (13814 turns).

Hebeh the Thaumaturge (Deep Elf Conjurer)          Turns: 13814, Time: 01:01:41

Health: 0/50       AC:  7    Str:  5    XL:     10   Next: 74%
Magic:  1/29       EV: 13    Int: 24    God:    Vehumet [*.....]
Gold:   424        SH:  0    Dex: 19    Spells: 24/35 levels left

rFire    . . .     SeeInvis .   a - +1 dagger (drain)
rCold    . . .     Gourm    .   (no shield)
rNeg     + . .     Faith    .   O - +2 robe {rN+}
rPois    .         Spirit   .   m - +1 helmet
rElec    .         Reflect  .   M - scarf {repulsion}
rCorr    .         Harm     .   (no gloves)
MR       ++...                  u - +0 pair of boots
Stlth    ++........             f - amulet of the acrobat
HPRegen  0.16/turn              g - +4 ring of dexterity
MPRegen  0.21/turn              D - ring of protection from magic

@: repel missiles
A: no striking features
a: Renounce Religion


You were on level 10 of the Dungeon.
You worshipped Vehumet.
Vehumet was aware of your devotion.
You were not hungry.

You visited 2 branches of the dungeon, and saw 11 of its levels.

You collected 499 gold pieces.
You spent 75 gold pieces at shops.

Inventory:

Hand Weapons
 a - a +1 dagger of draining (weapon)
 b - a +1 hunting sling
 C - a +1 whip of flaming
 L - the +1 short sword of Disarray {pierce, Int+2}
   (You found it on level 5 of the Dungeon)

   It inflicts extra damage upon your enemies.
   It affects your intelligence (+2).
Missiles
 r - 50 sling bullets
 A - 66 arrows
Armour
 m - a +1 helmet (worn)
 u - a +0 pair of boots (worn)
 M - a scarf of repulsion (worn)
 O - a +2 robe of positive energy (worn)
Jewellery
 f - an amulet of the acrobat (around neck)
 g - a +4 ring of dexterity (left hand)
 p - an uncursed ring of stealth
 D - a ring of protection from magic (right hand)
 S - an uncursed amulet of regeneration
Wands
 d - a wand of flame (34)
 v - a wand of iceblast (6)
 J - a wand of random effects (24)
 K - a wand of polymorph (14)
 N - a wand of scattershot (4)
Scrolls
 e - a scroll of enchant armour
 k - a scroll of magic mapping
 o - 3 scrolls of identify
 q - 3 scrolls of remove curse
 w - 2 scrolls of teleportation
 y - a scroll of enchant weapon
 H - a scroll of fog
 I - 4 scrolls of amnesia
Potions
 h - a potion of resistance {unknown}
 i - a potion of might {unknown}
 j - 3 potions of agility
 l - 3 potions of haste
 n - 4 potions of flight
 s - 6 potions of heal wounds
 t - 2 potions of invisibility {unknown}
 z - a potion of lignification {unknown}
 B - 4 potions of curing {unknown}
 G - 2 potions of magic {unknown}
 P - a potion of brilliance {unknown}
 R - 2 potions of ambrosia {unknown}
Comestibles
 c - 13 rations


   Skills:
 - Level 2.4 Dodging
 - Level 2.4 Stealth
 - Level 13.0 Spellcasting
 - Level 11.6 Conjurations
 + Level 9.1 Translocations


You had 24 spell levels left.
You knew the following spells:

 Your Spells              Type           Power        Failure   Level  Hunger
a - Magic Dart            Conj           ####         1%          1    None
b - Iskenderun's Mystic   Conj           ######..     1%          4    None
c - Searing Ray           Conj           ######       1%          2    None
d - Force Lance           Conj/Tloc      ######..     1%          4    None

Your spell library contained the following spells:

 Spells                   Type           Power        Failure   Level  Hunger
 Statue Form              Tmut/Erth      ###......    99%         6    #####..
 Dragon Form              Tmut           ###.......   100%        7    ######.
 Fulminant Prism          Conj/Hex       #####.....   3%          4    None
 Dazzling Spray           Conj/Hex       #####.       1%          3    None
 Hydra Form               Tmut           ###.......   99%         6    #####..
 Irradiate                Conj/Tmut      #####.....   10%         5    ###....


Dungeon Overview and Level Annotations

Branches:
Dungeon (10/15)            Temple (1/1) D:7
   Lair: D:8-11         Orc: D:9-12

Altars:
Ashenzari
Cheibriados
Dithmenos
Elyvilon
Fedhas
Gozag
Hepliaklqana
Kikubaaqudgha
Makhleb
Nemelex Xobeh
Okawaru
Qazlal
Ru
Sif Muna
Trog
Uskayaw
Vehumet
Wu Jian
Xom
Yredelemnul
Zin
The Shining One

Shops:
D:5 !

Annotations:
D:9 Gastronok
D:10 Fannar


Message History

Aiming: Magic Dart (safe; 1% risk of failure)
Press: ? - help, Shift-Dir - straight line, f/p - Fannar
Aim: Fannar, wielding a quarterstaff of freezing, wearing a robe of cold resistance and wearing a ring of ice (almost dead, covered in an icy film)
The magic dart hits Fannar.
Fannar is almost dead.
Fannar hits you but does no damage.
Really attack while wielding your +1 hunting sling? [Y]es or [N]o only, please.
Really attack while wielding your +1 hunting sling? [Y]es or [N]o only, please.
Really attack while wielding your +1 hunting sling? [Y]es or [N]o only, please.
Really attack while wielding your +1 hunting sling?
Okay, then.
You sense an unholy aura.
a - a +1 dagger of draining (weapon)
Fannar gestures wildly while chanting.
Fannar drains the heat from the surrounding environment!
You feel very cold.
You die...

#.#
#.######
#.#....###
#.#$...'.
#.#....##
#.#....'#
#.#....'###
#.#........
#..@e......
####.......
.##'### ..
.. ##. . ..
.. ...


You could see Fannar.

Vanquished Creatures
  A two-headed ogre (D:10)
  Pikel (D:3)
  Joseph (D:9)
  A troll (D:9)
  A wyvern (D:8)
  Sigmund (D:6)
  Edmund (D:6)
  An orc warrior (D:10)
  2 water moccasins
  A porcupine (D:10)
  2 sky beasts
  2 ice beasts (D:8)
  2 phantoms (D:7)
  2 necrophages
  2 centaurs
  10 ogres
  A crocodile (D:10)
  6 bullfrogs
  A water moccasin zombie (D:6)
  A scorpion (D:4)
  3 killer bees (D:9)
  6 wights
  6 crimson imps
  2 howler monkeys
  A bullfrog zombie (D:6)
  A quasit (D:7)
  6 orc priests
  2 jellies
  A bullfrog skeleton (D:6)
  5 hounds
  A centaur skeleton (D:4)
  2 iguanas
  9 orc wizards
  4 worker ants
  2 hell rats (D:10)
  A hound zombie (D:6)
  A hound skeleton (D:4)
  4 worker ant zombies
  10 adders
  A river rat (D:5)
  3 shadow imps
  3 oozes
  2 worms
  2 dart slugs
  4 leopard geckos
  36 orcs
  3 bats
  7 giant cockroaches
  12 goblins
  5 hobgoblins
  10 jackals
  4 quokkas
  6 ball pythons
  6 frilled lizards
  A giant cockroach zombie (D:6)
  A jackal zombie (D:5)
  3 kobolds
  A leopard gecko skeleton (D:4)
  A quokka skeleton (D:7)
  A quokka zombie (D:6)
  12 rats
231 creatures vanquished.

Vanquished Creatures (others)
  A hippogriff (D:8)
  A sky beast (D:8)
  An orc wizard (D:4)
  2 orcs (D:4)
  A jackal (D:8)
6 creatures vanquished.

Grand Total: 237 creatures vanquished

Notes
Turn   | Place    | Note
-------+----------+-------------------------------------------
     0 | D:1      | Hebeh the Deep Elf Conjurer began the quest for the Orb.
     0 | D:1      | Reached XP level 1. HP: 10/10 MP: 6/6
   153 | D:1      | Reached XP level 2. HP: 15/15 MP: 2/8
   651 | D:1      | Reached skill level 4 in Spellcasting
   695 | D:1      | Learned a level 2 spell: Searing Ray
   786 | D:2      | Reached XP level 3. HP: 19/19 MP: 5/10
   848 | D:2      | Reached skill level 5 in Conjurations
  1541 | D:2      | Reached XP level 4. HP: 24/24 MP: 6/12
  1547 | D:2      | Learned a level 4 spell: Iskenderun's Mystic Blast
  1552 | D:2      | Learned a level 4 spell: Force Lance
  2100 | D:3      | Reached skill level 5 in Spellcasting
  3174 | D:4      | Reached XP level 5. HP: 25/28 MP: 8/15
  3433 | D:4      | Noticed Pikel
  3433 | D:4      | Noticed a slave
  3433 | D:4      | Noticed a slave
  3433 | D:4      | Noticed a slave
  3442 | D:4      | Noticed a slave
  3459 | D:3      | Killed Pikel
  3459 | D:3      | Reached skill level 7 in Spellcasting
  3459 | D:3      | Reached XP level 6. HP: 25/32 MP: 1/18
  3459 | D:3      | Reached XP level 7. HP: 29/36 MP: 1/20
  3582 | D:4      | Reached skill level 8 in Spellcasting
  4213 | D:4      | Reached skill level 9 in Spellcasting
  4213 | D:4      | Reached XP level 8. HP: 36/41 MP: 8/23
  4724 | D:5      | Entered Level 5 of the Dungeon
  5098 | D:5      | Found Waisogit's Distillery.
  5101 | D:5      | Bought a potion of heal wounds for 75 gold pieces
  5334 | D:5      | Reached skill level 10 in Spellcasting
  5634 | D:5      | Got an ebony short sword
  6657 | D:6      | Reached skill level 10 in Conjurations
  6799 | D:6      | Reached skill level 11 in Spellcasting
  6818 | D:6      | Reached XP level 9. HP: 34/45 MP: 3/26
  7028 | D:6      | Noticed Edmund
  7034 | D:6      | Killed Edmund
  7154 | D:6      | Noticed Sigmund
  7164 | D:6      | Killed Sigmund
  7788 | D:7      | Found a staircase to the Ecumenical Temple.
  7795 | Temple   | Entered the Ecumenical Temple
  8129 | D:7      | Reached skill level 12 in Spellcasting
  9309 | D:8      | Reached skill level 13 in Spellcasting
  9452 | D:8      | Found a radiant altar of Vehumet.
  9469 | D:8      | Identified the cursed +1 short sword of Disarray {pierce, Int+2} (You found it on level 5 of the Dungeon)
  9666 | D:8      | Became a worshipper of Vehumet
  9780 | D:8      | Reached skill level 1 in Translocations
  9987 | D:8      | Reached XP level 10. HP: 48/50 MP: 23/29
 11010 | D:8      | Found a radiant altar of Vehumet.
 11803 | D:9      | Reached skill level 5 in Translocations
 12008 | D:9      | Noticed Joseph
 12014 | D:9      | Killed Joseph
 12227 | D:9      | Noticed Gastronok
 12864 | D:10     | Entered Level 10 of the Dungeon
 12864 | D:10     | Noticed a death yak
 12865 | D:10     | Noticed a death yak
 13085 | D:10     | Noticed a two-headed ogre
 13094 | D:10     | Killed a two-headed ogre
 13095 | D:10     | Reached * piety under Vehumet
 13095 | D:10     | Offered knowledge of Sting by Vehumet.
 13251 | D:10     | Noticed a death yak
 13804 | D:10     | Noticed Fannar
 13814 | D:10     | Killed from afar by Fannar

Vault maps used:
D:1:      scummos_arrival_star, minmay_shallow_snake_nest
D:4:      abandoned_shop, nzn_random_ring, uniq_pikel
D:5:      first_ration, portal_sewer_entry_e, serial_shops, shop, st_stairs_9
D:6:      uniq_sigmund, uniq_edmund
D:7:      minmay_temple_entry_overgrown
D:8:      fiery_altar_vehumet
D:9:      uniq_joseph, uniq_gastronok
D:10:     dpeg_lair_monsters, enter_bailey_3, hangedman_stone_soup,
          uniq_erolcha, uniq_fannar, uniq_erica
Temple:   kilobyte_greek_temple

Skill      XL: |  1  2  3  4  5  6  7  8  9 10 |
---------------+-------------------------------+-----
Spellcasting   | 4 5 7 9 11 13 | 13.0
Conjurations   | 5 7 8 10 11 | 11.6
Translocations | 1 9 |  9.1
Dodging        | |  2.4
Stealth        | |  2.4

Action                   |  1- 3 |  4- 6 |  7- 9 | 10-12 || total
-------------------------+-------+-------+-------+-------++-------
Melee: Dagger            |       |     7 |     1 |       ||     8
 Fire: Hunting sling     |    17 |    39 |    93 |    22 ||   171
 Cast: Magic Dart        |    56 |    22 |    51 |    51 ||   180
       Searing Ray       |     1 |     5 |    41 |    13 ||    60
       Iskenderun's Myst |       |     2 |    68 |    54 ||   124
       Force Lance       |       |       |       |     6 ||     6
  Use: Scroll            |       |       |    17 |       ||    17
  Eat: Chunk             |     2 |     5 |    11 |     4 ||    22
       Ration            |       |       |     3 |     2 ||     5
Armor: Robe              |     1 |     4 |     9 |     3 ||    17
Dodge: Dodged            |     6 |    20 |    50 |    26 ||   102
       Deflected         |       |       |       |     7 ||     7

Table legend:
 A = Spawn XP
 B = Non-spawn XP
 C = Spawn XP percentage of total XP
 D = Spawn monster count
 E = Non-spawn monster count
 F = Spawn count percentage of total count
 G = Total turns spent on level
                    A         B        C        D         E        F      G
               +---------+---------+-------+---------+---------+-------+---------
         Total |       0 |    9559 |   0.0 |       0 |     231 |   0.0 | 13814
               +---------+---------+-------+---------+---------+-------+---------
           D:1 |       0 |      35 |   0.0 |       0 |      17 |   0.0 |   711
           D:2 |       0 |      69 |   0.0 |       0 |      23 |   0.0 |  1165
           D:3 |       0 |     740 |   0.0 |       0 |      21 |   0.0 |  1388
           D:4 |       0 |     851 |   0.0 |       0 |      26 |   0.0 |  1460
           D:5 |       0 |     642 |   0.0 |       0 |      31 |   0.0 |  1594
           D:6 |       0 |    1099 |   0.0 |       0 |      24 |   0.0 |  1470
           D:7 |       0 |    1368 |   0.0 |       0 |      20 |   0.0 |  1326
           D:8 |       0 |    1193 |   0.0 |       0 |      29 |   0.0 |  2450
           D:9 |       0 |    1632 |   0.0 |       0 |      18 |   0.0 |  1660
          D:10 |       0 |    1930 |   0.0 |       0 |      22 |   0.0 |   447
               +---------+---------+-------+---------+---------+-------+---------
